[Event "1st SOA-GM Festival 2024"]
[Site "Bhubaneswar"]
[Date "2024.02.03"]
[Round "9.12"]
[White "Daaevik Wadhawan"]
[Black "Laxman, R.R."]
[Result "0-1"]
[ECO "D37"]
[WhiteElo "1997"]
[BlackElo "2338"]
[Annotator "ChessBase"]
[PlyCount "106"]
[EventDate "2024.02.01"]
[EventType "swiss"]
[EventCountry "IND"]
[SourceTitle "playchess.com"]
[Source "ChessBase"]
[SourceQuality "1"]
[TimeControl "5400+30"]

1. d4 d5 2. c4 e6 3. Nc3 h6 4. Nf3 Nf6 5. Bf4 Bd6 6. Be5 Bxe5 7. dxe5 Ne4 8. Nxe4 dxe4 9. Qxd8+ Kxd8 10. Nd2 Nc6 11. Nxe4 Nxe5 12. e3 Bd7 13. f3 Bc6 14. O-O-O+ Ke7 15. Nf2 Nxf3 16. gxf3 Bxf3 17. Rg1 Bxd1 18. Kxd1 g5 19. Bg2 f5 20. Nd3 c6 21. Ke2 Rad8 22. Nc5 b6 23. Nd3 c5 24. b4 cxb4 25. Nxb4 Kf6 26. Nc6 Rd7 27. e4 Rc8 28. e5+ Kf7 29. c5 bxc5 30. Rc1 h5 31. Rxc5 Rdc7 32. a4 a5 33. h4 gxh4 34. Bf3 Kg6 35. Rc1 Kg5 36. Ke3 f4+ 37. Kf2 h3 38. Be4 Kh6 39. Rc3 Rb8 40. Rxh3 Rb2+ 41. Kf1 Kg5 42. Rd3 Ra2 43. Rd4 Rb7 44. Rd1 Rbb2 45. Nd4 Kg4 46. Bf3+ Kg3 47. Bxh5 Rh2 48. Rd3+ Kh4 49. Be2 Ra1+ 50. Bd1 Rh1+ 51. Ke2 Kg4 52. Nc2 Rb1 53. Kd2+ Rbxd1+ 0-1

[Event "1st SOA-GM Festival 2024"]
[Site "Bhubaneswar"]
[Date "2024.02.03"]
[Round "9.13"]
[White "Goutham Krishna H"]
[Black "Dhananjay S"]
[Result "0-1"]
[ECO "E61"]
[WhiteElo "2288"]
[BlackElo "2151"]
[Annotator "ChessBase"]
[PlyCount "90"]
[EventDate "2024.02.01"]
[EventType "swiss"]
[EventCountry "IND"]
[SourceTitle "playchess.com"]
[Source "ChessBase"]
[SourceQuality "1"]
[TimeControl "5400+30"]

1. d4 Nf6 2. Nf3 g6 3. c4 Bg7 4. Nc3 d6 5. Bf4 Bf5 6. e3 Nh5 7. Bg5 h6 8. Bh4 g5 9. Bg3 c5 10. Be2 Nxg3 11. hxg3 Qb6 12. O-O Nc6 13. Qd2 cxd4 14. Nd5 Qd8 15. Nxd4 Bd7 16. Rac1 O-O 17. Rfd1 e6 18. Nc3 Nxd4 19. exd4 d5 20. c5 a5 21. Bb5 Bc6 22. Bxc6 bxc6 23. Rb1 e5 24. dxe5 Bxe5 25. Ne2 Qf6 26. b3 Rfb8 27. Nc1 Bc3 28. Qe2 Re8 29. Qc2 Re4 30. Ne2 Bb4 31. Qb2 Qxb2 32. Rxb2 Rae8 33. Kf1 Bxc5 34. Rc2 Bb4 35. f3 Re3 36. Kf2 h5 37. Rh1 c5 38. Nc1 d4 39. Re2 Rxe2+ 40. Nxe2 d3 41. Nc1 c4 42. g4 Bc5+ 43. Kg3 h4+ 44. Kh2 d2 45. bxc4 Re1 0-1

[Event "1st SOA-GM Festival 2024"]
[Site "Bhubaneswar"]
[Date "2024.02.03"]
[Round "9.14"]
[White "Frayna, Janelle Mae"]
[Black "John Veny Akkarakaran"]
[Result "1/2-1/2"]
[ECO "E07"]
[WhiteElo "2197"]
[BlackElo "2112"]
[Annotator "RC"]
[PlyCount "31"]
[EventDate "2024.02.01"]
[EventType "swiss"]
[EventCountry "IND"]
[SourceTitle "playchess.com"]
[Source "ChessBase"]
[SourceQuality "1"]
[TimeControl "5400+30"]

1. Nf3 Nf6 2. c4 e6 3. g3 d5 4. Bg2 Be7 5. O-O O-O 6. d4 c6 7. b3 b6 8. Bb2 Nbd7 9. Nc3 Ba6 10. Qd3 Qc8 11. Rac1 Qb7 12. a4 Bb4 13. Na2 Be7 14. Nc3 Bb4 15. Na2 Be7 16. Nc3 1/2-1/2

[Event "1st SOA-GM Festival 2024"]
[Site "Bhubaneswar"]
[Date "2024.02.03"]
[Round "9.15"]
[White "Audi Ameya"]
[Black "Mahindrakar Indrajeet"]
[Result "1-0"]
[ECO "B33"]
[WhiteElo "2385"]
[BlackElo "2039"]
[Annotator "RC"]
[PlyCount "67"]
[EventDate "2024.02.01"]
[EventType "swiss"]
[EventCountry "IND"]
[SourceTitle "playchess.com"]
[Source "ChessBase"]
[SourceQuality "1"]
[TimeControl "5400+30"]

1. e4 c5 2. Nf3 Nc6 3. d4 cxd4 4. Nxd4 Nf6 5. Nc3 e5 6. Ndb5 d6 7. Bg5 a6 8. Na3 b5 9. Nd5 Be7 10. Bxf6 Bxf6 11. c3 O-O 12. Nc2 Bg5 13. a4 bxa4 14. Rxa4 a5 15. Bc4 Kh8 16. Nce3 Rb8 17. b3 Bd7 18. Ra2 g6 19. h4 Bxh4 20. g3 Be7 21. f4 Kg7 22. Nxe7 Qxe7 23. Nd5 Qd8 24. f5 Qg5 25. f6+ Kg8 26. Rah2 h5 27. Be2 Qxg3+ 28. Kf1 Be6 29. Bxh5 Bxd5 30. Bf3 Qxh2 31. Rxh2 Bxb3 32. Qc1 Bc4+ 33. Kg1 Bd3 34. Rh8+ 1-0

[Event "1st SOA-GM Festival 2024"]
[Site "Bhubaneswar"]
[Date "2024.02.03"]
[Round "9.16"]
[White "Barath Kalyan M"]
[Black "Jaiveer Mahendru"]
[Result "0-1"]
[ECO "A01"]
[WhiteElo "2040"]
[BlackElo "2294"]
[Annotator "ChessBase"]
[PlyCount "82"]
[EventDate "2024.02.01"]
[EventType "swiss"]
[EventCountry "IND"]
[SourceTitle "playchess.com"]
[Source "ChessBase"]
[SourceQuality "1"]
[TimeControl "5400+30"]

1. b3 e5 2. Bb2 Nc6 3. c4 Nge7 4. e3 d5 5. cxd5 Nxd5 6. a3 Be6 7. Qc2 Qd7 8. Nf3 f6 9. b4 O-O-O 10. b5 Na5 11. d4 e4 12. Nfd2 f5 13. Nc3 Nb6 14. Be2 Kb8 15. d5 Bf7 16. Ncxe4 Bxd5 17. Ng3 f4 18. Nge4 fxe3 19. fxe3 Qe6 20. Rc1 Rd7 21. O-O Bd6 22. Bd4 Nb3 23. Nxb3 Bxe4 24. Bd3 Bxd3 25. Qxd3 Qh6 26. h3 Bxa3 27. Rc2 Bd6 28. Ra2 Qg5 29. Rf3 Be5 30. Nc5 Rd5 31. Qa3 a6 32. bxa6 Rxd4 33. axb7 Rd1+ 34. Kf2 Bg3+ 35. Rxg3 Rf8+ 36. Ke2 Re1+ 37. Kd2 Rd8+ 38. Nd3 Nc4+ 39. Kc3 Rxd3+ 40. Kxd3 Qd5+ 41. Kc3 Nxa3 0-1

[Event "1st SOA-GM Festival 2024"]
[Site "Bhubaneswar"]
[Date "2024.02.03"]
[Round "9.17"]
[White "Ajay Santhosh Parvathareddy"]
[Black "Roneet Das"]
[Result "1-0"]
[ECO "A47"]
[WhiteElo "2148"]
[BlackElo "2018"]
[Annotator "NA"]
[PlyCount "85"]
[EventDate "2024.02.01"]
[EventType "swiss"]
[EventCountry "IND"]
[SourceTitle "playchess.com"]
[Source "ChessBase"]
[SourceQuality "1"]
[TimeControl "5400+30"]

1. Nf3 Nf6 2. d4 e6 3. e3 b6 4. b3 Bb7 5. Bb2 Be7 6. Be2 {[%emt 0:00:06] A47: 1 d4 Nf6 2 Nf3 b6: Torre, London and Colle Systems.} O-O 7. O-O c5 8. dxc5 bxc5 9. c4 d6 10. Nbd2 Nbd7 11. Qc2 Qc7 12. Rfd1 Rfe8 13. Nf1 Ne4 14. N3d2 Bf6 15. Bxf6 Nexf6 16. Bf3 d5 17. cxd5 exd5 18. g3 Rac8 19. Rac1 Qb6 20. Bg2 Ne5 21. Nf3 Ned7 22. N1d2 h6 23. Nb1 Ne4 24. Nfd2 $15 Nxf2 25. Kxf2 d4 26. Nc4 Qf6+ 27. Kg1 Bxg2 28. Qxg2 Nf8 29. Rf1 Qg6 30. exd4 cxd4 31. Nbd2 Rcd8 32. Nf3 f6 33. Rfd1 d3 34. Rd2 Nd7 35. Nb2 Ne5 36. Rcd1 Qg4 37. Nxe5 Rxe5 38. h3 Qh5 39. g4 Qh4 40. Rxd3 Rxd3 41. Nxd3 Re3 42. Nf4 Rg3 43. Rd8+ 1-0

[Event "1st SOA-GM Festival 2024"]
[Site "Bhubaneswar"]
[Date "2024.02.03"]
[Round "9.18"]
[White "Aakash Sharadchandra, Dalvi"]
[Black "Dhrupad Kashyap"]
[Result "1-0"]
[ECO "E23"]
[WhiteElo "2180"]
[BlackElo "2058"]
[Annotator "ChessBase"]
[PlyCount "216"]
[EventDate "2024.02.01"]
[EventType "swiss"]
[EventCountry "IND"]
[SourceTitle "playchess.com"]
[Source "ChessBase"]
[SourceQuality "1"]
[TimeControl "5400+30"]

1. d4 Nf6 2. c4 e6 3. Nc3 Bb4 4. Qb3 c5 5. dxc5 Nc6 6. Nf3 Ne4 7. Bd2 Nxd2 8. Nxd2 Bxc5 9. g3 O-O 10. Bg2 f5 11. e3 b6 12. O-O Bb7 13. Rfd1 Qc8 14. Ne2 Ne5 15. Bxb7 Qxb7 16. Nf4 Ng4 17. h3 Ne5 18. Nd3 Nxd3 19. Qxd3 Rad8 20. Rac1 Rf6 21. Qe2 e5 22. Qf3 e4 23. Qe2 Qa6 24. a3 d5 25. Nb3 Rfd6 26. Qh5 g6 27. Qg5 d4 28. exd4 Bxd4 29. Nxd4 Rxd4 30. Qxd8+ Rxd8 31. Rxd8+ Kg7 32. Rc3 Qb7 33. b4 Qc7 34. Rd5 Kh6 35. Rd2 f4 36. gxf4 Qxf4 37. Rdc2 Qg5+ 38. Kf1 Qf5 39. Re3 a5 40. c5 axb4 41. axb4 Qd7 42. Rcc3 bxc5 43. bxc5 Qc6 44. Rc4 Kg5 45. Rexe4 Kh6 46. Kg1 Kg7 47. Re3 Kh6 48. Rcc3 Kh5 49. Red3 Kh6 50. Rd6 Qe4 51. Rd1 Qc6 52. Rcc1 Kh5 53. Rd6 Qb5 54. Kg2 h6 55. Rc3 Qb4 56. Rd5+ g5 57. Rdd3 Qe4+ 58. Kf1 Qh1+ 59. Ke2 Qc6 60. Rd4 Qf6 61. Rcc4 Qe6+ 62. Re4 Qc6 63. Kf3 Kg6 64. Kg2 Kf5 65. Kg1 Kf6 66. Re3 Qd5 67. Rc1 Qc6 68. Rb3 Kg7 69. Rb6 Qf3 70. c6 Qxh3 71. Rb4 g4 72. Rb2 g3 73. fxg3 Kh7 74. Rc3 Qe6 75. Kh2 Qe5 76. Rbc2 Qh5+ 77. Kg2 Qd5+ 78. Rf3 Qe4 79. Rcc3 Qe2+ 80. Rf2 Qe4+ 81. Kh2 Qe5 82. Rcf3 Qh5+ 83. Kg1 Qc5 84. c7 Qc1+ 85. Kh2 Kg6 86. Rf7 h5 87. Rd7 h4 88. gxh4 Kh5 89. Rg7 Qc6 90. Rd2 Qc4 91. Rgd7 Qxh4+ 92. Kg2 Qg4+ 93. Kh1 Qf3+ 94. Kg1 Qg3+ 95. Kf1 Qf3+ 96. Ke1 Qh1+ 97. Kf2 Qh2+ 98. Ke3 Qg3+ 99. Kd4 Qf4+ 100. Kc5 Qe3+ 101. R2d4 Qc3+ 102. Kb6 Qb3+ 103. Ka7 Qa3+ 104. Kb7 Qb3+ 105. Kc6 Qc2+ 106. Kd6 Qg6+ 107. Kc5 Qc2+ 108. Rc4 Qf5+ 1-0

[Event "1st SOA-GM Festival 2024"]
[Site "Bhubaneswar"]
[Date "2024.02.03"]
[Round "9.19"]
[White "Singgih, Diajeng Theresa"]
[Black "Nithin Babu"]
[Result "0-1"]
[ECO "C79"]
[WhiteElo "1867"]
[BlackElo "2177"]
[Annotator "RC"]
[PlyCount "76"]
[EventDate "2024.02.01"]
[EventType "swiss"]
[EventCountry "IND"]
[SourceTitle "playchess.com"]
[Source "ChessBase"]
[SourceQuality "1"]
[TimeControl "5400+30"]

1. e4 e5 2. Nf3 Nc6 3. Bb5 a6 4. Ba4 Nf6 5. O-O d6 6. c3 Bd7 7. d4 g6 8. Bxc6 Bxc6 9. dxe5 Nxe4 10. Qe2 Nf6 11. Qd1 Ne4 12. Qe2 Qd7 13. Nd4 O-O-O 14. e6 fxe6 15. f3 Nc5 16. b4 Na4 17. Bg5 Re8 18. Bf6 Rg8 19. c4 e5 20. Nxc6 Qxc6 21. b5 Qb6+ 22. Kh1 Bh6 23. Na3 Qe3 24. Qxe3 Bxe3 25. bxa6 bxa6 26. Nc2 Bc5 27. Rab1 g5 28. Nb4 Bxb4 29. Rxb4 Nc5 30. f4 gxf4 31. Bh4 Kd7 32. Bf2 Nd3 33. Ra4 e4 34. Be1 e3 35. Ra3 e2 36. Rg1 Re3 37. Rxa6 f3 38. Ra3 f2 0-1

[Event "1st SOA-GM Festival 2024"]
[Site "Bhubaneswar"]
[Date "2024.02.03"]
[Round "9.20"]
[White "Mohota, Nisha"]
[Black "Sharnarthi Viresh"]
[Result "1-0"]
[ECO "B52"]
[WhiteElo "2136"]
[BlackElo "1926"]
[Annotator "NA"]
[PlyCount "86"]
[EventDate "2024.02.01"]
[EventType "swiss"]
[EventCountry "IND"]
[SourceTitle "playchess.com"]
[Source "ChessBase"]
[SourceQuality "1"]
[TimeControl "5400+30"]

1. e4 c5 2. Nf3 d6 3. Bb5+ Bd7 4. Bxd7+ Qxd7 5. c4 Nc6 6. d4 cxd4 7. Nxd4 Nf6 8. Nc3 g6 9. h3 Bg7 10. Be3 O-O 11. O-O Rac8 {[%emt 0:04:21] 11...a6 is the hot move. B52: Sicilian: Moscow Variation with 3...Bd7.} 12. b3 a6 13. Rc1 b5 14. cxb5 Nxd4 15. Bxd4 axb5 16. Qd3 Bh6 $146 ({Predecessor:} 16... Rb8 17. Bxf6 Bxf6 18. Nd5 Bh4 19. Rc7 Qd8 20. Rc6 e6 21. Rxd6 Qa5 22. Ne3 Qxa2 {½-½ Garcia,G (2470)-Delgado Ramirez,N (2530) Guayaquil zt 2.3 2003 (3)}) 17. Bxf6 Bxc1 18. Nd5 Rfe8 19. Bxe7 Bb2 20. Bf6 Bc1 $18 21. Ba1 Bg5 22. Nb6 Qc6 23. Nxc8 Rxc8 24. Qd4 Kf8 25. g3 Bd8 26. Qh8+ Ke7 27. Bf6+ Kd7 28. Bxd8 Rxd8 29. Qxh7 Rf8 30. Qg7 Ke7 31. Qd4 Ra8 32. Ra1 f6 33. a4 Ra5 34. axb5 Qc5 35. Rd1 Rxb5 36. Qxc5 dxc5 37. Rd3 Rb4 38. f3 g5 39. Kf2 c4 40. bxc4 Rxc4 41. Rd2 Ke6 42. h4 g4 43. fxg4 Rxe4 1-0

[Event "1st SOA-GM Festival 2024"]
[Site "Bhubaneswar"]
[Date "2024.02.04"]
[Round "10.1"]
[White "Das, Sayantan"]
[Black "Ghosh, Diptayan"]
[Result "1/2-1/2"]
[ECO "C47"]
[WhiteElo "2514"]
[BlackElo "2568"]
[Annotator "RC"]
[PlyCount "39"]
[EventDate "2024.02.01"]
[EventType "swiss"]
[EventCountry "IND"]
[SourceTitle "playchess.com"]
[Source "ChessBase"]
[SourceQuality "1"]
[TimeControl "5400+30"]

1. e4 e5 2. Nf3 Nc6 3. Nc3 Nf6 4. d4 Bb4 5. Nxe5 Bxc3+ 6. bxc3 Qe7 7. Bd3 Nxe5 8. dxe5 Qxe5 9. O-O d6 10. Qe1 Nd7 11. Be3 O-O 12. Bd4 Qe7 13. f3 Nc5 14. Qd2 f6 15. Rab1 b6 16. a3 Be6 17. Kh1 Kh8 18. Kg1 Kg8 19. Kh1 Kh8 20. Kg1 1/2-1/2

[Event "1st SOA-GM Festival 2024"]
[Site "Bhubaneswar"]
[Date "2024.02.04"]
[Round "10.2"]
[White "Neelash Saha"]
[Black "Vignesh Advaith Vemula"]
[Result "1-0"]
[ECO "D37"]
[WhiteElo "2446"]
[BlackElo "2028"]
[Annotator "RC"]
[PlyCount "61"]
[EventDate "2024.02.01"]
[EventType "swiss"]
[EventCountry "IND"]
[SourceTitle "playchess.com"]
[Source "ChessBase"]
[SourceQuality "1"]
[TimeControl "5400+30"]

1. d4 d5 2. c4 e6 3. Nf3 Nf6 4. Nc3 Be7 5. Bf4 O-O 6. e3 b6 7. Bd3 Bb7 8. cxd5 exd5 9. O-O c5 10. dxc5 bxc5 11. Qe2 Nbd7 12. Rfd1 Qb6 13. b3 Rfd8 14. Rac1 Rac8 15. Bf5 g6 16. Bh3 Ra8 17. Bg5 Qc6 18. Nxd5 Nxd5 19. Bxe7 Re8 20. Bxd7 Qxd7 21. Bxc5 Qg4 22. Bd6 Rac8 23. h3 Qe6 24. Rxc8 Rxc8 25. Be5 f6 26. e4 Nb6 27. Bd4 Qxe4 28. Qxe4 Bxe4 29. Bxf6 Rc2 30. Ng5 Bd5 31. Re1 1-0

[Event "1st SOA-GM Festival 2024"]
[Site "Bhubaneswar"]
[Date "2024.02.04"]
[Round "10.3"]
[White "Panda Sambit"]
[Black "Subhayan Kundu"]
[Result "1-0"]
[ECO "E11"]
[WhiteElo "2404"]
[BlackElo "2385"]
[Annotator "RC"]
[PlyCount "109"]
[EventDate "2024.02.01"]
[EventType "swiss"]
[EventCountry "IND"]
[SourceTitle "playchess.com"]
[Source "ChessBase"]
[SourceQuality "1"]
[TimeControl "5400+30"]

1. d4 Nf6 2. c4 e6 3. Nf3 Bb4+ 4. Nbd2 b6 5. a3 Bxd2+ 6. Nxd2 Bb7 7. e3 O-O 8. b3 Qe7 9. Bb2 d5 10. Rc1 dxc4 11. Nxc4 Nbd7 12. f3 Rfd8 13. Be2 c5 14. dxc5 Nxc5 15. Qc2 Rac8 16. b4 b5 17. bxc5 Qxc5 18. Bd4 Qe7 19. Qb2 bxc4 20. Rxc4 Rxc4 21. Bxc4 Bd5 22. Be2 Nd7 23. e4 e5 24. Bf2 Rb8 25. Qc1 Be6 26. O-O Rb3 27. a4 Qb4 28. Qc7 a5 29. Bb5 Rc3 30. Qa7 Nf8 31. Be1 Qc5+ 32. Qxc5 Rxc5 33. Bxa5 Bd7 34. Bb4 Rc8 35. Bxd7 Nxd7 36. Rd1 Nb8 37. Rd5 f6 38. a5 Kf7 39. Bc5 Na6 40. Bb6 Ke6 41. Rd8 Rxd8 42. Bxd8 Kd7 43. Bb6 Kc6 44. Kf2 Kb5 45. Kg3 Nb4 46. f4 Nd3 47. fxe5 Nxe5 48. Kf4 Nc4 49. h4 Ka6 50. h5 Kb7 51. g4 Ka6 52. g5 fxg5+ 53. Kxg5 Nd6 54. e5 Ne4+ 55. Kh4 1-0

[Event "1st SOA-GM Festival 2024"]
[Site "Bhubaneswar"]
[Date "2024.02.04"]
[Round "10.4"]
[White "Shahil Dey"]
[Black "Sammed Jaykumar, Shete"]
[Result "1/2-1/2"]
[ECO "D02"]
[WhiteElo "2363"]
[BlackElo "2441"]
[Annotator "RC"]
[PlyCount "80"]
[EventDate "2024.02.01"]
[EventType "swiss"]
[EventCountry "IND"]
[SourceTitle "playchess.com"]
[Source "ChessBase"]
[SourceQuality "1"]
[TimeControl "5400+30"]

1. Nf3 d5 2. g3 g6 3. Bg2 Bg7 4. d4 Nd7 5. O-O Nb6 6. Na3 Nf6 7. c4 dxc4 8. Nxc4 Nxc4 9. Qa4+ c6 10. Qxc4 Be6 11. Qb4 Qb6 12. Qa3 Bd5 13. Bf4 O-O 14. Be5 Rfe8 15. Nd2 Bxg2 16. Kxg2 Bf8 17. Nf3 Nd7 18. Qb3 Qxb3 19. axb3 Nxe5 20. Nxe5 Red8 21. e3 Rd5 22. Nd3 Rb5 23. b4 e5 24. Nxe5 Rxb4 25. Nd3 Rb3 26. Rfd1 a6 27. Kf3 Rd8 28. Ke2 Rd5 29. Kd2 Rbb5 30. Kc2 c5 31. Ra4 cxd4 32. Rxd4 Bg7 33. Rxd5 Rxd5 34. b4 Kf8 35. Rb1 b6 36. Rb3 Ke7 37. Ra3 a5 38. e4 Rd4 39. bxa5 bxa5 40. Rxa5 Rxe4 1/2-1/2

[Event "1st SOA-GM Festival 2024"]
[Site "Bhubaneswar"]
[Date "2024.02.04"]
[Round "10.5"]
[White "Fawzy, Adham"]
[Black "Aquino, Jethro Dino"]
[Result "0-1"]
[ECO "B40"]
[WhiteElo "2522"]
[BlackElo "2166"]
[Annotator "RC"]
[PlyCount "106"]
[EventDate "2024.02.01"]
[EventType "swiss"]
[EventCountry "IND"]
[SourceTitle "playchess.com"]
[Source "ChessBase"]
[SourceQuality "1"]
[TimeControl "5400+30"]

1. e4 c5 2. Nf3 e6 3. g3 Nc6 4. Bg2 Nf6 5. Qe2 e5 6. Nc3 d6 7. Nd5 Nxd5 8. exd5 Nb8 9. b4 cxb4 10. d4 Be7 11. dxe5 dxe5 12. Nxe5 O-O 13. O-O Bf6 14. Bb2 Bf5 15. g4 Bg6 16. g5 Bxe5 17. Qxe5 f6 18. Qd4 Qd6 19. a3 Nd7 20. Qxb4 Nc5 21. gxf6 gxf6 22. Rfe1 Rae8 23. Bd4 b6 24. Bxc5 Qxc5 25. Qxc5 bxc5 26. Bh3 f5 27. c4 Kf7 28. f4 Rxe1+ 29. Rxe1 Rb8 30. d6 Rd8 31. Re5 Rxd6 32. Rxc5 Rd3 33. Bg2 Rxa3 34. Rc8 a5 35. Ra8 a4 36. c5 Rc3 37. Bd5+ Kf6 38. Ra6+ Ke7 39. Ra5 Be8 40. Kf2 a3 41. Ke2 Rh3 42. Kd2 Rxh2+ 43. Kd3 Rf2 44. Kd4 Rxf4+ 45. Ke5 Ra4 46. Rxa4 Bxa4 47. Kxf5 Bc2+ 48. Kg5 Bb1 49. Kh6 Kd7 50. Kg7 h5 51. Kf6 h4 52. Ke5 h3 53. Kd4 a2 0-1

[Event "1st SOA-GM Festival 2024"]
[Site "Bhubaneswar"]
[Date "2024.02.04"]
[Round "10.6"]
[White "Nguyen Van Huy"]
[Black "Savchenko, Boris"]
[Result "1/2-1/2"]
[ECO "D85"]
[WhiteElo "2364"]
[BlackElo "2489"]
[Annotator "RC"]
[PlyCount "115"]
[EventDate "2024.02.01"]
[EventType "swiss"]
[EventCountry "IND"]
[SourceTitle "playchess.com"]
[Source "ChessBase"]
[SourceQuality "1"]
[TimeControl "5400+30"]

1. d4 g6 2. c4 Nf6 3. Nc3 d5 4. cxd5 Nxd5 5. Bd2 Nb6 6. e4 Bg7 7. Be3 O-O 8. h3 Nc6 9. Nf3 f5 10. exf5 Bxf5 11. Qb3+ e6 12. g4 Bc2 13. Qxc2 Rxf3 14. Qe4 Rf7 15. O-O-O Qd6 16. h4 Raf8 17. h5 Rf4 18. Bxf4 Rxf4 19. Qg2 g5 20. Bd3 Rxd4 21. Be4 Qf4+ 22. Kb1 Rb4 23. a3 Rxb2+ 24. Kxb2 Na4+ 25. Kc2 Nxc3 26. Bxc6 Nxd1 27. Rxd1 Qc4+ 28. Kd2 bxc6 29. Qg3 c5 30. h6 Bxh6 31. Ke1 Qe4+ 32. Qe3 Qxg4 33. Qxc5 Bf8 34. Qxc7 Qg1+ 35. Ke2 Qg4+ 36. Ke1 Qe4+ 37. Kf1 Qh1+ 38. Ke2 Qe4+ 39. Kf1 h5 40. Qxa7 Qc4+ 41. Ke1 Qc3+ 42. Ke2 Qc4+ 43. Ke1 Qe4+ 44. Kf1 h4 45. Qd4 Qf5 46. Qd3 Qf6 47. Kg2 g4 48. Qe4 Bxa3 49. Qxg4+ Qg7 50. Kh3 Qxg4+ 51. Kxg4 Be7 52. Rd3 Kf7 53. Kh5 Kg7 54. Re3 Kf7 55. Kh6 Bc5 56. Rf3+ Ke7 57. Kg5 h3 58. Rxh3 1/2-1/2

[Event "1st SOA-GM Festival 2024"]
[Site "Bhubaneswar"]
[Date "2024.02.04"]
[Round "10.7"]
[White "Laxman, R.R."]
[Black "Ritviz, Parab"]
[Result "1-0"]
[ECO "E04"]
[WhiteElo "2338"]
[BlackElo "2391"]
[Annotator "RC"]
[PlyCount "103"]
[EventDate "2024.02.01"]
[EventType "swiss"]
[EventCountry "IND"]
[SourceTitle "playchess.com"]
[Source "ChessBase"]
[SourceQuality "1"]
[TimeControl "5400+30"]

1. d4 Nf6 2. c4 e6 3. g3 d5 4. Nf3 dxc4 5. Bg2 a6 6. O-O Nc6 7. Qd2 Bb4 8. Qc2 b5 9. Rd1 Rb8 10. a3 Be7 11. b3 Na5 12. bxc4 Bb7 13. cxb5 axb5 14. Nc3 O-O 15. e4 c6 16. h4 h6 17. Ne5 Nd7 18. Ng4 Nc4 19. e5 h5 20. Ne3 c5 21. d5 Ndxe5 22. dxe6 Qe8 23. Nxc4 Nxc4 24. Bxb7 Rxb7 25. exf7+ Qxf7 26. Ne4 Bf6 27. Nxf6+ Qxf6 28. Bg5 Qb2 29. Qxb2 Nxb2 30. Rd5 c4 31. Be3 Ra8 32. Bd4 Nd3 33. Rb1 Rxa3 34. Rdxb5 Rd7 35. Be3 c3 36. Rb8+ Kf7 37. Rc8 Ne5 38. Rc1 Rd3 39. Rc7+ Kg6 40. Rb1 Kf5 41. Rc5 Ke6 42. Rb6+ Kf5 43. Rbb5 Kg4 44. Kg2 Rxe3 45. Rxe5 Rxg3+ 46. fxg3 Ra2+ 47. Kf1 Rh2 48. Rec5 c2 49. Rb4+ Kh3 50. Rbc4 Rh1+ 51. Kf2 g5 52. hxg5 1-0

[Event "1st SOA-GM Festival 2024"]
[Site "Bhubaneswar"]
[Date "2024.02.04"]
[Round "10.8"]
[White "Tologon tegin, Semetei"]
[Black "Soham Kamotra"]
[Result "0-1"]
[ECO "E48"]
[WhiteElo "2384"]
[BlackElo "2348"]
[Annotator "RC"]
[PlyCount "52"]
[EventDate "2024.02.01"]
[EventType "swiss"]
[EventCountry "IND"]
[SourceTitle "playchess.com"]
[Source "ChessBase"]
[SourceQuality "1"]
[TimeControl "5400+30"]

1. d4 Nf6 2. c4 e6 3. Nc3 Bb4 4. e3 O-O 5. Bd3 d5 6. cxd5 exd5 7. Nge2 Re8 8. O-O b6 9. Bd2 Bf8 10. Rc1 Bb7 11. Nf4 Nbd7 12. Qb3 c5 13. Bb1 g6 14. Ncxd5 Nxd5 15. Nxd5 Qg5 16. Nf4 Bd6 17. g3 Bxf4 18. exf4 Qh5 19. Rfe1 cxd4 20. Bb4 Nf6 21. Be7 Qh3 22. f3 Ng4 23. Qc2 Ne3 24. Rxe3 dxe3 25. Bf6 Rac8 26. Bc3 Bxf3 0-1

[Event "1st SOA-GM Festival 2024"]
[Site "Bhubaneswar"]
[Date "2024.02.04"]
[Round "10.9"]
[White "Dhananjay S"]
[Black "Liyanage, Ranindu Dilshan"]
[Result "0-1"]
[ECO "A13"]
[WhiteElo "2151"]
[BlackElo "2366"]
[Annotator "RC"]
[PlyCount "84"]
[EventDate "2024.02.01"]
[EventType "swiss"]
[EventCountry "IND"]
[SourceTitle "playchess.com"]
[Source "ChessBase"]
[SourceQuality "1"]
[TimeControl "5400+30"]

1. c4 e6 2. g3 d5 3. Bg2 Nf6 4. Nf3 d4 5. e3 c5 6. exd4 cxd4 7. O-O Nc6 8. d3 Bd6 9. Bg5 h6 10. Bxf6 gxf6 11. Nbd2 a5 12. Rc1 Kf8 13. c5 Be7 14. a3 Kg7 15. Qa4 Ra6 16. Nb3 e5 17. Nbd2 h5 18. Nc4 Be6 19. Nfd2 h4 20. Qb5 Bd5 21. Nd6 Bxg2 22. Kxg2 Bxd6 23. Qxb7 h3+ 24. Kg1 Qa8 25. Qxa8 Rhxa8 26. cxd6 Nd8 27. f4 Rxd6 28. fxe5 fxe5 29. Rc7 Rb8 30. Nc4 Rc6 31. Rfxf7+ Nxf7 32. Rxc6 Rb3 33. Rc7 Kf6 34. Kf2 a4 35. Ke2 e4 36. Rc6+ Ke7 37. Rg6 Rxd3 38. Rg4 Nd6 39. Nxd6 Re3+ 40. Kd2 Kxd6 41. Rg6+ Kd5 42. Rg5+ Ke6 0-1

[Event "1st SOA-GM Festival 2024"]
[Site "Bhubaneswar"]
[Date "2024.02.04"]
[Round "10.10"]
[White "Tahbaz, Arash"]
[Black "Ajay Santhosh Parvathareddy"]
[Result "1-0"]
[ECO "B90"]
[WhiteElo "2425"]
[BlackElo "2148"]
[Annotator "RC"]
[PlyCount "89"]
[EventDate "2024.02.01"]
[EventType "swiss"]
[EventCountry "IND"]
[SourceTitle "playchess.com"]
[Source "ChessBase"]
[SourceQuality "1"]
[TimeControl "5400+30"]

1. e4 c5 2. Nf3 d6 3. d4 cxd4 4. Nxd4 Nf6 5. Nc3 a6 6. f3 e5 7. Nb3 Be7 8. Be3 Be6 9. Qd2 h5 10. Nd5 Nxd5 11. exd5 Bf5 12. Be2 Nd7 13. O-O O-O 14. Na5 Qc7 15. c4 Bg6 16. b4 f5 17. Kh1 f4 18. Bg1 h4 19. Bd3 e4 20. Bxe4 Bxe4 21. fxe4 Ne5 22. Rac1 h3 23. gxh3 Qd7 24. Bd4 Qxh3 25. Bxe5 dxe5 26. d6 Bg5 27. Qg2 Qxg2+ 28. Kxg2 f3+ 29. Kf2 b6 30. Nc6 Rac8 31. Nxe5 Bxc1 32. Rxc1 Rce8 33. Ng6 Rf6 34. Ne7+ Kf7 35. e5 Rh6 36. c5 bxc5 37. bxc5 Rxh2+ 38. Kxf3 Rh5 39. Ke4 Ke6 40. Ng6 Kf7 41. d7 Rb8 42. c6 Kxg6 43. c7 Rb4+ 44. Kd5 Rb5+ 45. Rc5 1-0

[Event "1st SOA-GM Festival 2024"]
[Site "Bhubaneswar"]
[Date "2024.02.04"]
[Round "10.11"]
[White "Nithin Babu"]
[Black "Audi Ameya"]
[Result "1-0"]
[ECO "B51"]
[WhiteElo "2177"]
[BlackElo "2385"]
[Annotator "RC"]
[PlyCount "135"]
[EventDate "2024.02.01"]
[EventType "swiss"]
[EventCountry "IND"]
[SourceTitle "playchess.com"]
[Source "ChessBase"]
[SourceQuality "1"]
[TimeControl "5400+30"]

1. e4 c5 2. Nf3 d6 3. Bb5+ Nd7 4. c3 Ngf6 5. Qe2 a6 6. Ba4 b5 7. Bc2 Bb7 8. d4 e6 9. O-O Be7 10. Re1 cxd4 11. cxd4 Rc8 12. Bd3 O-O 13. Nbd2 Nb8 14. Nb3 d5 15. e5 Ne4 16. Nfd2 Qc7 17. Nxe4 dxe4 18. Bxe4 Bxe4 19. Qxe4 Qc2 20. Qxc2 Rxc2 21. Rb1 Nc6 22. Be3 Nb4 23. Rec1 Rxc1+ 24. Nxc1 Rc8 25. a3 Nc2 26. Nb3 Nxe3 27. fxe3 Bg5 28. Kf2 Rc2+ 29. Kf3 Kf8 30. Nc5 a5 31. Nb7 Ke7 32. Nxa5 f6 33. Nb3 h5 34. exf6+ gxf6 35. Nc5 f5 36. b4 Kd6 37. Rb3 Kd5 38. a4 bxa4 39. Nxa4 Kc4 40. Rb2 Rc1 41. b5 Re1 42. b6 Rxe3+ 43. Kf2 Ra3 44. b7 Bf4 45. g3 Bb8 46. Nc5 Kxd4 47. Nd7 Ba7 48. b8=Q Bxb8 49. Nxb8 e5 50. Rd2+ Kc4 51. Nc6 e4 52. Ne5+ Kc3 53. Re2 Kd4 54. Ng6 Rb3 55. Rd2+ Kc3 56. Ke3 Kc4+ 57. Ke2 Ra3 58. Nh4 f4 59. gxf4 Rh3 60. Nf5 Rxh2+ 61. Ke3 Rh1 62. Nd6+ Kc5 63. Nxe4+ Kc6 64. f5 Rf1 65. f6 Rf5 66. Rf2 Rxf2 67. Kxf2 Kd7 68. Ng5 1-0